 Seeded DCSS version 0.24.0 (webtiles) character file.

Game seed: 9464105340762402747, levelgen mode: deterministic

41 Auros the Conjurer (level 3, -4/26 HPs)
             Began as a Draconian Conjurer on Apr 12, 2020.
             Shot with a sling bullet by a goblin (5 damage)
             ... led by Robin
             ... on level 2 of the Dungeon.
             The game lasted 00:03:46 (969 turns).

Auros the Conjurer (Draconian Conjurer)              Turns: 969, Time: 00:03:47

Health: -4/26      AC:  6    Str: 10    XL:     3   Next: 32%
Magic:  1/6        EV: 12    Int: 16    God:
Gold:   29         SH:  0    Dex: 11    Spells: 5/6 levels left

rFire    . . .     SeeInvis .   k - +0 club
rCold    . . .     Gourm    .   (no shield)
rNeg     . . .     Faith    .   (armour unavailable)
rPois    .         Spirit   .   (helmet restricted)
rElec    .         Reflect  .   (no cloak)
rCorr    .         Harm     .   g - +0 pair of gloves
MR       .....                  (no boots)
Stlth    ++........             (no amulet)
HPRegen  0.08/turn              (no ring)
MPRegen  0.10/turn              (no ring)

@: no status effects
A: unfitting armour, cold-blooded, AC +5
a: no special abilities


You were on level 2 of the Dungeon.
You were not hungry.

You visited 1 branch of the dungeon, and saw 2 of its levels.

You collected 29 gold pieces.

Inventory:

Hand Weapons
 e - a +0 hunting sling
 k - a +0 club (weapon)
Missiles
 h - 4 javelins
 Z - 45 stones (quivered)
Armour
 g - a +0 pair of gloves (worn)
Scrolls
 a - a scroll of fog {unknown}
 c - a scroll of remove curse {unknown}
 d - a scroll of immolation {unknown}
 i - a scroll of identify {unknown}
Potions
 f - 2 potions of experience {unknown}
 j - a potion of curing {unknown}
Comestibles
 b - 9 chunks of flesh
 z - a ration


   Skills:
 - Level 1.7 Dodging
 - Level 1.7 Stealth
 - Level 2.0 Spellcasting
 + Level 5.2 Conjurations


You had 5 spell levels left.
You knew the following spells:

 Your Spells              Type           Power        Failure   Level  Hunger
a - Magic Dart            Conj           ###.         2%          1    #......

Your spell library contained the following spells:

 Spells                   Type           Power        Failure   Level  Hunger
 Searing Ray              Conj           ###...       3%          2    ###....
 Dazzling Spray           Conj/Hex       #.....       22%         3    ###....
 Iskenderun's Mystic Bla  Conj           ###.....     24%         4    #####..
 Force Lance              Conj/Tloc      #.......     56%         4    #####..
 Fulminant Prism          Conj/Hex       #.........   56%         4    #####..


Dungeon Overview and Level Annotations

Branches:
Dungeon (2/15)

Altars:


Innate Abilities, Weirdness & Mutations

Your plain brown scales are hard. (AC +5)
You cannot fit into any form of body armour.
You are cold-blooded and may be slowed by cold attacks.


Message History

Aim: Robin, wielding a +0 dagger, wearing a cursed +0 animal skin and wearing a +1 helmet (heavily wounded)
The magic dart hits Robin.
Robin is almost dead.
The goblin shoots a stone.
The stone closely misses you. Robin hits you but does no damage.
The goblin shoots a sling bullet.
The sling bullet hits you!
* * * LOW HITPOINT WARNING * * *
Casting: Magic Dart (safe; 2% risk of failure)
Confirm with . or Enter, or press ? or * to list all spells.
Aiming: Magic Dart (safe; 2% risk of failure)
Press: ? - help, Shift-Dir - straight line, f/p - Robin
Aim: Robin, wielding a +0 dagger, wearing a cursed +0 animal skin and wearing a +1 helmet (almost dead)
The magic dart hits Robin.
You kill Robin!
The goblin shoots a stone.
The stone barely misses you.
The goblin shoots a sling bullet.
The sling bullet barely misses you.
The goblin shoots a stone.
The stone hits you.
* * * LOW HITPOINT WARNING * * *
The goblin shoots a sling bullet.
The sling bullet hits you.
You die...

.........
.........
.........
........#
....(...####
...(((.....#
......(....#
.......@...#
##.##..)......#
#..?......#
#......g..#
#......g..#
#.........#
###########


You could see 2 goblins.

Vanquished Creatures
  Robin (D:2)
  A dart slug (D:1)
  A leopard gecko (D:1)
  4 bats (D:1)
  6 hobgoblins (D:1)
  A jackal (D:1)
  4 frilled lizards (D:1)
  6 goblins (D:1)
  2 rats (D:1)
26 creatures vanquished.

Notes
Turn   | Place    | Note
-------+----------+-------------------------------------------
     0 | D:1      | Auros the Draconian Conjurer began the quest for the Orb.
     0 | D:1      | Reached XP level 1. HP: 14/14 MP: 3/3
   292 | D:1      | Reached XP level 2. HP: 20/20 MP: 1/5
   560 | D:2      | Noticed Robin
   780 | D:1      | Reached skill level 5 in Conjurations
   863 | D:1      | Reached XP level 3. HP: 20/26 MP: 2/6
   968 | D:2      | Killed Robin
   969 | D:2      | HP: 1/26 [goblin/stone[Robin] (5)]
   969 | D:2      | Shot with a sling bullet by a goblin

Levels and vault maps discovered:
D:1:      onia_arrival_mini_maze, layout_basic
D:2:      layout_basic, eat_drink_and_be_merry_uskayaw, nemelex_altar_shiori,
          ashenzari_altar_1, first_ration, uniq_robin
